 Dungeon Crawl Stone Soup version 0.30-a0-341-g682706514a (webtiles) character file.

Game seed: 9719208188153627726

69 billz999 the Changer (level 4, -9/45 HPs)
             Began as a Vampire Earth Elementalist on Nov 4, 2022.
             Was an Initiate of Sif Muna.
             Mangled by an iguana (12 damage)
             ... on level 3 of the Dungeon.
             The game lasted 00:04:53 (2212 turns).

billz999 the Changer (Vampire Earth Elementalist)   Turns: 2212, Time: 00:04:54

Health: -9/45      AC:  3    Str:  7    XL:     4   Next: 2%
Magic:  1/7        EV: 12    Int: 19    God:    Sif Muna [......]
Gold:   57         SH:  0    Dex: 14    Spells: 6/7 levels left

rFire   . . .      SeeInvis +    o - +1 whip (vamp)
rCold   . . .      Faith    .    (no shield)
rNeg    . . .      Spirit   .    a - +0 robe
rPois   .          Reflect  .    n - +0 helmet
rElec   .          Harm     .    (no cloak)
rCorr   .          Rampage  .    (no gloves)
Will    .....                    (no boots)
Stlth   ..........               (no amulet)
HPRegen 0.47/turn                (no ring)
MPRegen 0.10/turn                (no ring)

@: berserking, very slightly contaminated, healing quickly, very quick
A: alive, fangs 3, see invisible, vampiric 2
a: Exsanguinate, Renounce Religion


You were on level 3 of the Dungeon.
You worshipped Sif Muna.
Sif Muna was noncommittal.
You visited 1 branch of the dungeon, and saw 3 of its levels.

You collected 57 gold pieces.

Inventory:

Hand Weapons
 f - a +0 dagger
 o - a +1 vampiric whip (weapon)
Armour
 a - a +0 robe (worn)
 n - a +0 helmet (worn)
 q - a +1 leather armour of poison resistance
Jewellery
 m - a ring of protection from cold
Scrolls
 d - 2 scrolls of teleportation {unknown}
 e - a scroll of magic mapping {unknown}
 g - a scroll of fog {unknown}
 h - 3 scrolls of identify {unknown}
 i - a scroll of amnesia {unknown}
 j - 2 scrolls of noise {unknown}
 l - a scroll of enchant weapon {unknown}
 p - a scroll of fear {unknown}
Potions
 b - a potion of magic


   Skills:
 - Level 2.1 Dodging
 - Level 3.0 Stealth
 - Level 2.0 Spellcasting
 + Level 4.3 Transmutations
 - Level 3.0 Earth Magic


You had 6 spell levels left.
You knew the following spells:

 Your Spells              Type           Power      Damage    Failure   Level
a - Sandblast             Erth           26%        2d8       4%          1

Your spell library contained the following spells:

 Spells                   Type           Power      Damage    Failure   Level
 Passwall                 Tmut/Erth      12%        N/A       5%          2
 Stone Arrow              Conj/Erth      14%        3d7       26%         3
 Petrify                  Tmut/Erth      15%        N/A       36%         4
 Portal Projectile        Hex/Tloc       2%         N/A       45%         3
 Tukima's Dance           Hex            1%         N/A       45%         3
 Blade Hands              Tmut           9%         N/A       61%         5


Dungeon Overview and Level Annotations

Branches:
Dungeon (3/15)

Altars:
Sif Muna
Wu Jian


Innate Abilities, Weirdness & Mutations

Your natural rate of healing is accelerated.
You have razor-sharp teeth.
You have supernaturally acute eyesight. (SInv)
You are afflicted with vampirism and can become a bat while bloodless.


Message History

You aren't carrying any items that you can evoke.
Unknown command.
You feel a bloodthirsty glee!
o - a +1 vampiric whip (weapon)
You barely miss the iguana. You bite the iguana, but do no damage.
The iguana barely misses you.
You hit the iguana but do no damage. The iguana misses you.
Casting: Sandblast (safe; 4% risk of failure)
Confirm with . or Enter, or press ? or * to list all spells.
Aiming: Sandblast (safe; 4% risk of failure)
Press: ? - help, Shift-Dir - straight line, f/p - iguana
Aim: an iguana (84% to hit)
You miscast Sandblast.
You are very lightly contaminated with residual magic.
Nothing appears to happen.
The kobold completely misses you.
Unknown command.
Casting: Sandblast (safe; 4% risk of failure)
Confirm with . or Enter, or press ? or * to list all spells.
Aiming: Sandblast (safe; 4% risk of failure)
Press: ? - help, Shift-Dir - straight line, f/p - iguana
Aim: an iguana (84% to hit)
The blast of sand hits the kobold!
You kill the kobold!
Sif Muna accepts your kill. The iguana bites you!
Casting: Sandblast (safe; 4% risk of failure)
Confirm with . or Enter, or press ? or * to list all spells.
Aiming: Sandblast (safe; 4% risk of failure)
Press: ? - help, Shift-Dir - straight line, f/p - iguana
Aim: an iguana (84% to hit)
The blast of sand hits the iguana.
The iguana is moderately wounded.
The iguana bites you.
* * * LOW HITPOINT WARNING * * *
It was a potion of curing.
You feel better. The iguana bites you!
* * * LOW HITPOINT WARNING * * *
It was a potion of berserk rage.
A red film seems to cover your vision as you go berserk!
You feel yourself moving faster!
You feel mighty! The iguana bites you!
You die...

#.#........
###.......<... .♣♣♣
.........###'# ....
##...........### ...
#..##.......†.# ..♣
#...'.........# ..♣♣♣♣♣
###.##.........# .......
....##.........##.......
....##....††...l@...#
.........############
##.......# #.......#
#.......# #.......#
#.......# #.......#
##'######


You could see an iguana.

Vanquished Creatures
  An adder (D:3)
  A worm (D:2)
  3 dart slugs
  An orc (D:2)
  An endoplasm (D:2)
  2 giant cockroaches
  8 hobgoblins
  2 jackals (D:3)
  4 kobolds
  2 quokkas (D:1)
  3 ball pythons
  4 bats
  3 frilled lizards
  6 goblins
  4 rats
45 creatures vanquished.

Notes
Turn   | Place    | Note
-------+----------+-------------------------------------------
     0 | D:1      | billz999 the Vampire Earth Elementalist began the quest for
                  | the Orb.
     0 | D:1      | Reached XP level 1. HP: 13/13 MP: 3/3
   297 | D:1      | Reached skill level 2 in Transmutations
   338 | D:1      | Reached XP level 2. HP: 19/19 MP: 1/5
  1152 | D:2      | Reached skill level 3 in Transmutations
  1434 | D:2      | Gained mutation: You are afflicted with vampirism and can
                  | become a bat while bloodless. [Vampire growth]
  1434 | D:2      | Reached XP level 3. HP: 24/24 MP: 0/6
  1614 | D:2      | Found a shimmering blue altar of Sif Muna.
  1672 | D:2      | Became a worshipper of Sif Muna the Loreminder
  1883 | D:2      | Reached skill level 4 in Transmutations
  2006 | D:3      | Found an ornate altar of the Wu Jian Council.
  2200 | D:3      | Reached XP level 4. HP: 30/30 MP: 3/7
  2211 | D:3      | HP: 1/30 [iguana (12)]
  2212 | D:3      | Mangled by an iguana

Illustrated notes

Levels and vault maps discovered:
D:1:      erik_arrival_triangle_huge, layout_basic
D:2:      layout_rooms, basic_altar
D:3:      layout_basic, mainiacjoe_overflow_chevrons, overflow_temple_1_default,
          nicolae_wu_jian_wuxing_cycle, hellmonk_ecumenical_altar_lost_god

Skill      XL: |  1  2  3 |
---------------+----------+-----
Transmutations | 2 3 4 |  4.3
Dodging        | |  2.1
Stealth        | |  3.0
Spellcasting   | |  2.0
Earth Magic    | |  3.0

Action                   |  1- 3 |  4- 6 || total
-------------------------+-------+-------++-------
Melee: Dagger            |    30 |       ||    30
       Punch             |     1 |       ||     1
       Bite              |     1 |     1 ||     2
       Whip              |       |     2 ||     2
 Cast: Sandblast         |    74 |     3 ||    77
  Use: Potion            |       |     2 ||     2
Armor: Robe              |    10 |       ||    10
Dodge: Dodged            |    57 |     3 ||    60

Table legend: (Time is in decaauts)
 A = Elapsed time spent in this place.
 B = Non-inter-level travel time spent in this place.
 C = Inter-level travel time spent in this place.
 D = Time resting spent in this place.
 E = Time spent auto-exploring this place.
 F = Levels seen in this place.
 G = Mean time per level.
                   A        B        C        D        E       F      G
               +--------+--------+--------+--------+--------+-----+--------+
         Total |   2249 |   2170 |     79 |      0 |   1806 |   3 |  749.7 |
       Dungeon |   2249 |   2170 |     79 |      0 |   1806 |   3 |  749.7 |
               +--------+--------+--------+--------+--------+-----+--------+

Top non-repeatable levels by time:
     D:1: 1161 daAuts
     D:2: 874 daAuts
     D:3: 213 daAuts
